AoeStats
← 76561199026418587

Black Forest

510264701Analyzed
2v2 RM · 2d ago on Sep 30, 2026· 20m 47s· 4 players
Game mode
Random Map
Map size
Medium (4 player)
Population
200
Speed
Normal
Resources
Standard
Victory
Conquest
Starting age
Dark Age
Ending age
Imperial Age
RankedLock teamsTeams togetherTeam positionsShared explorationLock speedFull tech treeHidden civsTurbo modeCheats
Victory
Defeat
🇨🇳 Magyars · China
1072
+17
🇸🇬 Spanish · Singapore
1032
+18
🇦🇺 Japanese · Australia
1102
-18
🇦🇷 Burgundians · Argentina
1069
-17
realtrading
1:28 Loom
13:49 Feudal Age
15:14 Wheelbarrow
18:22 Castle Age
16:11 Horse Collar
16:52 Double-Bit Axe
17:36 Padded Archer Armor
17:30 Fletching
18:17 Padded Archer Armor
19:17 Bodkin Arrow
21:05 Gold Mining
76561199026418587
12:04 Feudal Age
15:37 Bloodlines
20:12 Scale Barding Armor
Rogue
0:36 Loom
14:57 Feudal Age
19:22 Castle Age
17:41 Double-Bit Axe
18:08 Stone Mining
20:54 Wheelbarrow
0xLexA.23
1:10 Loom
12:00 Feudal Age
15:54 Castle Age
14:32 Double-Bit Axe
14:59 Gold Mining
14:50 Horse Collar
18:59 Fletching
19:09 Padded Archer Armor
Connection lost

Rejoining the realm…

Still unreachable

The connection could not be restored.

Session expired

The server has moved on; the page needs a fresh start.